Map: Moonlight Madness LE (Void)

Players

HzVee

  • Race: Protoss Protoss

신구마적 - Winner!

  • Race: Zerg Zerg
  • League: Grandmaster

VOD

Have the link to the VOD?

Description

Time

  • Played on: Sept. 28, 2015, 10:59 p.m.
  • Length: 14:07
Show
View Real Time Build Order
Export as new Build Order

HzVee Protoss 

Build Orders:  

Get SALT Encoding   

  12  0:00  Probe (Chrono Boost)  
  13  0:10  Probe (Chrono Boost)  
  14  0:22  Probe (Chrono Boost), Pylon  
  15  0:40  Gateway  
  15  0:41  Probe (Chrono Boost)  
  16  0:47  Assimilator  
  16  0:50  Probe (Chrono Boost)  
  17  1:00  Probe (Chrono Boost)  
  17  1:03  Gateway  
  18  1:10  Probe (Chrono Boost)  
  19  1:29  Cybernetics Core  
  19  1:33  Pylon  
  19  1:41  Zealot  
  19  1:46  Pylon  
  21  1:50  Probe (Chrono Boost)  
  21  1:51  Assimilator  
  22  1:59  Probe (Chrono Boost)  
  23  2:07  Adept (Chrono Boost)  
  25  2:08  Adept (Chrono Boost)  
  25  2:10  Probe  
  28  2:22  Mothership Core  
  30  2:30  Adept (Chrono Boost), Warp Gate (Chrono Boost)  
  32  2:43  Probe, Pylon  
  33  2:47  Adept (Chrono Boost)  
  35  2:55  Pylon  
  35  3:12  Stalker  
  37  3:30  Adept  
  39  3:42  Adept  
  41  3:48  Pylon  
  41  3:55  Probe  
  42  4:01  Gateway  
  42  4:04  Twilight Council  
  42  4:07  Probe  
  43  4:33  Robotics Facility  
  43  4:44  Nexus  
  43  4:50  Pylon  
  43  4:52  Pylon  
  43  5:12  Stalker  
  43  5:13  Stalker x2  
  49  5:28  Immortal (Chrono Boost)  
  53  5:43  Shield Upgrade (Chrono Boost)  
  53  5:45  Stalker  
  53  5:46  Stalker  
  53  5:47  Stalker  
  59  6:01  Pylon  
  59  6:07  Robotics Bay  
  59  6:16  Probe  
  60  6:26  Probe  
  61  6:36  Probe  
  61  6:37  Stalker  
  61  6:38  Stalker x2  
  68  6:46  Probe  
  68  6:48  Assimilator  
  69  6:56  Probe  
  70  7:06  Probe  
  70  7:08  Nexus  
  71  7:16  Probe  
  71  7:21  Stalker  
  73  7:34  Immortal (Chrono Boost)  
  77  8:01  Probe  
  77  8:05  Colossus (Chrono Boost)  
  78  8:10  Probe  
  78  8:12  Forge  
  85  8:20  Probe  
  85  8:24  Stalker  
  88  8:30  Probe  
  89  8:40  Probe  
  89  8:44  Nexus  
  90  8:53  Photon Cannon  
  90  8:55  Photon Cannon  
  90  9:05  Pylon  
  90  9:07  Pylon  
  90  9:13  Stalker x3  
  96  9:27  Assimilator  
  96  9:32  Colossus (Chrono Boost)  
  96  9:38  Stalker x3  
  108  9:53  Gateway  
  108  9:55  Probe  
  109  10:05  Probe  
  110  10:15  Probe  
  107  10:25  Probe  
  104  10:34  Stalker x3  
  104  10:35  Probe  
  99  11:03  Observer (Chrono Boost)  
  100  11:08  Blink  
  100  11:10  Stalker  
  102  11:12  Stalker x2, Probe  
  102  11:13  Stalker  
  109  11:21  Observer (Chrono Boost)  
  109  11:22  Probe  
  107  11:36  Colossus (Chrono Boost)  
  113  11:40  Stalker x3  
  95  12:08  Stalker  
  95  12:09  Stalker x3  
  95  12:15  Colossus (Chrono Boost)  
  103  12:22  Extended Thermal Lance (Chrono Boost)  
  109  12:56  Colossus  
  109  13:01  Stalker x2  
  109  13:02  Stalker x2  
  115  13:25  Nexus  
  73  13:34  Stalker x3  
  73  13:35  Stalker  
Show
View Real Time Build Order
Export as new Build Order

신구마적 Zerg - Winner!

Build Orders: Hatch First, Lurkers 

Get SALT Encoding   

  12  0:08  Overlord  
  12  0:16  Drone  
  12  0:17  Drone  
  14  0:27  Drone  
  15  0:30  Drone  
  16  0:51  Hatchery  
  15  1:05  Spawning Pool  
  15  1:06  Drone  
  15  1:10  Drone  
  16  1:13  Drone  
  16  1:17  Drone  
  18  1:27  Overlord  
  18  1:33  Extractor  
  18  1:35  Extractor  
  18  1:38  Drone  
  17  1:52  Drone, Queen  
  20  1:57  Roach Warren  
  20  2:00  Drone  
  20  2:04  Overlord  
  20  2:14  Queen  
  22  2:18  Drone  
  22  2:21  Drone  
  24  2:24  Drone  
  25  2:31  Drone  
  25  2:33  Drone  
  27  2:42  Drone  
  28  2:46  Drone  
  28  2:49  Drone, Queen  
  32  2:53  Drone  
  32  2:57  Drone  
  34  3:00  Roach  
  34  3:03  Roach  
  38  3:06  Roach  
  38  3:08  Drone  
  41  3:13  Overlord  
  41  3:17  Drone  
  41  3:19  Drone  
  43  3:26  Lair  
  43  3:27  Drone  
  43  3:32  Roach  
  43  3:33  Roach  
  48  3:40  Drone  
  48  3:41  Drone x3  
  52  3:50  Overlord x2  
  52  3:59  Extractor  
  52  4:02  Drone  
  52  4:12  Overlord  
  52  4:13  Drone x3  
  52  4:16  Roach  
  57  4:19  Roach  
  57  4:20  Hatchery  
  57  4:22  Roach  
  60  4:30  Drone x2, Spine Crawler  
  60  4:31  Drone  
  62  4:36  Drone, Spore Crawler  
  62  4:37  Drone  
  63  4:41  Spore Crawler  
  63  4:42  Drone  
  63  4:44  Drone  
  64  4:46  Zergling x2  
  64  4:47  Zergling x2  
  64  4:52  Hydralisk Den  
  65  4:55  Extractor  
  64  5:02  Roach x2  
  64  5:03  Drone, Zergling x2  
  72  5:07  Roach, Zergling x2  
  72  5:08  Zergling x2  
  72  5:09  Lurker Den  
  74  5:15  Evolution Chamber, Drone  
  74  5:16  Drone  
  74  5:17  Drone  
  76  5:32  Spire  
  76  5:33  Metabolic Boost  
  75  5:37  Glial Reconstitution  
  75  5:42  Overlord  
  75  5:45  Zerg Missile Weapons Level 1  
  75  5:48  Roach  
  75  5:49  Drone  
  78  5:55  Queen  
  80  5:58  Hydralisk  
  80  6:00  Hydralisk  
  84  6:04  Drone x2  
  84  6:06  Drone  
  84  6:11  Extractor x2  
  85  6:12  Drone x2  
  85  6:13  Zergling x2  
  85  6:15  Drone  
  89  6:24  Zergling x2  
  89  6:25  Zergling x6  
  89  6:40  Overlord x2  
  89  6:49  Overlord x3  
  89  7:02  Lurker  
  89  7:03  Lurker, Hydralisk x6  
  89  7:05  Drone x2  
  89  7:07  Drone  
  106  7:09  Drone  
  106  7:10  Overseer  
  106  7:14  Hydralisk  
  109  7:19  Hydralisk  
  109  7:20  Zergling x2  
  109  7:21  Zergling x2  
  113  7:24  Drone  
  113  7:25  Drone  
  115  7:42  Hydralisk x2  
  115  7:43  Drone, Roach x2, Zergling x2  
  124  7:51  Zergling x2  
  125  7:53  Drone x2  
  125  7:54  Drone  
  125  7:55  Spore Crawler  
  125  7:56  Roach, Zergling x2  
  125  7:57  Zerg Missile Weapons Level 2  
  130  8:12  Muscular Augments  
  130  8:18  Evolution Chamber, Drone  
  130  8:25  Overlord x2  
  130  8:33  Hatchery  
  129  8:38  Overlord, Zergling x2  
  129  8:39  Overlord x3  
  130  8:43  Hydralisk  
  130  8:44  Roach  
  130  8:45  Lurker x4  
  130  8:47  Lurker  
  140  8:48  Lurker  
  140  8:50  Drone  
  141  9:12  Hatchery  
  141  9:13  Hydralisk x2  
  141  9:14  Drone, Roach x3  
  141  9:16  Drone  
  152  9:18  Zergling x2  
  152  9:21  Zerg Melee Weapons Level 1  
  152  9:23  Drone  
  154  9:30  Hydralisk  
  154  9:31  Roach x2  
  160  9:33  Roach  
  160  9:36  Overlord  
  162  9:41  Zergling x2  
  162  9:43  Infestation Pit, Zergling x2  
  163  9:53  Drone  
  163  9:54  Drone x2, Zergling x2  
  163  9:55  Zergling x2  
  163  9:57  Zergling x2  
  169  10:13  Drone x3, Zerg Ground Armor Level 1  
  170  10:15  Zergling x4  
  152  10:30  Corruptor  
  152  10:31  Corruptor  
  147  10:52  Drone  
  148  10:57  Extractor  
  148  10:59  Spine Crawler  
  148  11:01  Hydralisk x3  
  148  11:02  Drone, Spine Crawler, Roach x3, Zergling x6  
  161  11:10  Hydralisk, Roach, Zergling x2  
  161  11:11  Drone, Zergling x2  
  168  11:13  Hive, Hydralisk  
  168  11:14  Hydralisk, Swarm Host  
  168  11:15  Zergling x2  
  168  11:17  Queen  
  178  11:20  Extractor  
  178  11:21  Extractor  
  178  11:24  Hydralisk  
  178  11:25  Drone, Roach  
  179  11:35  Hydralisk, Zergling x2  
  179  11:36  Roach  
  179  11:37  Spine Crawler  
  179  11:39  Zergling x2  
  184  11:48  Drone x6  
  184  11:50  Drone  
  188  11:56  Roach  
  188  11:57  Drone x2  
  190  12:11  Overlord x2  
  188  12:29  Hydralisk x2, Roach  
  184  12:30  Roach  
  178  12:39  Drone  
  178  12:40  Hydralisk x2  
  178  12:41  Roach x2, Zergling x6  
  190  12:49  Greater Spire  
  190  12:52  Hydralisk x2  
  194  13:04  Lurker  
  195  13:11  Hydralisk, Roach  
  195  13:12  Roach  
  195  13:13  Spine Crawler x4  
  195  13:17  Lurker x3  
  180  13:24  Hydralisk, Roach  
  180  13:25  Roach  
  179  13:27  Roach  
  179  13:29  Zergling x2  
  171  13:35  Hydralisk  
  171  13:36  Roach  
  171  13:38  Roach  
  174  13:42  Overseer x2  
  174  13:43  Drone  
  174  13:46  Drone  
  176  13:54  Drone x2  
  176  13:55  Drone  
Tags
 
Add a new tag
Caveats
  • Supply blocks, unpowered buildings, or Contaminate may cause inaccurate times.
  • Supply counts are checked every 10 seconds.